AoeStats
← WaRe MPaSsioN

Arena

510495246Analyzed
4v4 RM · 2d ago on Oct 1, 2026· 45m 55s· 8 players
Game mode
Random Map
Map size
Large (8 player)
Population
200
Speed
Normal
Resources
Standard
Victory
Conquest
Starting age
Dark Age
Ending age
Imperial Age
RankedLock teamsTeams togetherTeam positionsShared explorationLock speedFull tech treeHidden civsTurbo modeCheats
Victory
Defeat
🇫🇷 Franks · France
1094
+13
🇫🇷 Jurchens · France
1044
+15
🇫🇷 Italians · France
1035
+15
🇬🇧 Bulgarians · United Kingdom
950
+18
🇲🇽 Wei · Mexico
1114
-19
🇹🇼 Persians · Taiwan
1061
-17
🇨🇳 Poles · China
946
-13
936
-12
WaRe MPaSsioN
0:32 Loom
2:27 Loom
12:08 Feudal Age
13:52 Man-at-Arms
21:01 Castle Age
22:58 Town Watch
23:49 Wheelbarrow
30:28 Double-Bit Axe
30:35 Gold Mining
30:35 Stone Mining
30:28 Horse Collar
31:20 Heavy Plow
31:32 Bow Saw
32:10 Fletching
35:33 Imperial Age
33:28 Pikeman
34:30 Thumb Ring
35:57 Bodkin Arrow
36:03 Padded Archer Armor
37:09 Ballistics
36:46 Murder Holes
38:05 Conscription
40:42 Chemistry
39:59 Elite Genoese Crossbowman
42:28 Forging
42:19 Bracer
42:34 Leather Archer Armor
42:21 Scale Mail Armor
ISpillTheCoffee
5:41 Loom
9:50 Feudal Age
8:06 Loom
10:25 Double-Bit Axe
13:32 Horse Collar
17:29 Castle Age
16:49 Gold Mining
16:51 Stone Mining
17:55 Forging
17:51 Scale Barding Armor
18:03 Loom
18:06 Town Watch
19:56 Wheelbarrow
20:26 Gold Shaft Mining
20:32 Heavy Plow
21:39 Iron Casting
22:50 Chain Barding Armor
26:53 Hand Cart
27:43 Bloodlines
27:33 Husbandry
28:05 Bow Saw
28:00 Scale Mail Armor
28:08 Squires
27:56 Arson
32:30 Imperial Age
30:21 Chain Mail Armor
29:56 Gambesons
31:07 Stirrups
35:47 Blast Furnace
34:42 Fletching
Kaila
9:48 Feudal Age
13:55 Castle Age
13:44 Double-Bit Axe
15:15 Bow Saw
20:48 Loom
22:28 Gold Mining
23:31 Wheelbarrow
24:47 Husbandry
25:01 Forging
24:58 Scale Barding Armor
27:32 Gold Shaft Mining
30:01 Imperial Age
30:08 Iron Casting
29:55 Chain Barding Armor
29:30 Stone Mining
30:05 Cavalier
31:47 Blast Furnace
32:37 Plate Barding Armor
32:45 Paladin
ravi0licru
9:07 Loom
10:53 Feudal Age
12:19 Double-Bit Axe
15:27 Castle Age
13:34 Horse Collar
13:46 Gold Mining
14:53 Padded Archer Armor
15:26 Town Watch
16:16 Wheelbarrow
17:00 Leather Archer Armor
19:51 Heavy Plow
24:55 Gold Shaft Mining
24:34 Fletching
26:58 Hand Cart
29:14 Bow Saw
28:56 Stone Mining
33:21 Imperial Age
31:41 Stone Shaft Mining
37:38 Chemistry
36:59 Ballistics
38:19 Ring Archer Armor
38:59 Conscription
38:55 Thunderclap Bombs
39:22 Hoardings
39:31 Crop Rotation
41:22 Two-Man Saw
41:13 Town Patrol
Gonnar
12:30 Feudal Age
13:28 Double-Bit Axe
13:25 Horse Collar
16:22 Castle Age
14:22 Gold Mining
16:20 Stone Mining
17:49 Bow Saw
18:10 Fletching
20:49 Wheelbarrow
20:57 Padded Archer Armor
21:19 Husbandry
22:53 Thumb Ring
25:41 Ballistics
29:49 Imperial Age
28:08 Gold Shaft Mining
28:31 Bloodlines
28:38 Forging
28:34 Scale Barding Armor
29:10 Stone Shaft Mining
30:55 Iron Casting
30:11 Heavy Hei Guang Cavalry
30:54 Heavy Plow
31:35 Chain Barding Armor
32:12 Crop Rotation
32:59 Ming Guang Armor
34:41 Blast Furnace
33:39 Bodkin Arrow
33:45 Caravan
36:38 Light Cavalry
38:13 Conscription
39:44 Hussar
42:15 Tuntian
denny0002000
11:13 Feudal Age
12:19 Loom
12:25 Double-Bit Axe
14:57 Castle Age
12:50 Horse Collar
15:46 Bow Saw
16:30 Heavy Plow
21:28 Wheelbarrow
20:50 Loom
21:48 Gold Mining
23:04 Gold Shaft Mining
23:58 Hand Cart
29:07 Imperial Age
27:12 Scale Barding Armor
27:17 Forging
27:23 Bloodlines
27:14 Husbandry
27:25 Stone Mining
29:36 Chain Barding Armor
29:52 Iron Casting
30:38 Two-Man Saw
30:12 Crop Rotation
29:48 Cavalier
31:24 Stone Shaft Mining
31:31 Plate Barding Armor
33:05 Blast Furnace
31:44 Savar
雷欧
10:12 Feudal Age
13:49 Castle Age
11:34 Horse Collar
12:01 Double-Bit Axe
15:25 Bow Saw
19:41 Wheelbarrow
20:28 Heavy Plow
23:19 Gold Mining
23:56 Hand Cart
28:41 Imperial Age
26:00 Town Watch
26:29 Scale Barding Armor
27:52 Loom
28:31 Chain Barding Armor
28:22 Forging
29:28 Szlachta Privileges
30:00 Conscription
30:52 Iron Casting
30:31 Bloodlines
30:22 Husbandry
29:43 Cavalier
32:47 Blast Furnace
31:44 Light Cavalry
32:30 Winged Hussar
35:17 Lechitic Legacy
35:11 Devotion
34:54 Treadmill Crane
35:25 Masonry
35:20 Siege Engineers
35:36 Ballistics
36:17 Chemistry
36:57 Fletching
43:03 Bodkin Arrow
46:24 Thumb Ring
45:40 Elite Skirmisher
45:41 Heavy Mounted Crossbowman
Manchuria lmuberjack
Connection lost

Rejoining the realm…

Still unreachable

The connection could not be restored.

Session expired

The server has moved on; the page needs a fresh start.